 Dungeon Crawl Stone Soup version 0.20.1-1-g8b1a95d (webtiles) character file.

34809 Irenicus the Severer (level 13, -4/133 HPs)
             Began as a Deep Dwarf Skald on Oct 15, 2017.
             Was a High Priest of Makhleb.
             Slain by a spiny frog (10 damage)
             ... on level 6 of the Lair of Beasts.
             The game lasted 00:57:53 (14635 turns).

Irenicus the Severer (Deep Dwarf Skald)            Turns: 14635, Time: 00:57:54

Health: -4/133     AC: 27    Str: 14    XL:     13   Next: 44%
Magic:  3/3        EV:  6    Int: 22    God:    Makhleb [*****.]
Gold:   1109       SH:  3    Dex: 16    Spells: 17/18 levels left

rFire    + . .     SeeInvis +   X - +8 hand axe (venom)
rCold    . . .     Gourm    .   (no shield)
rNeg     + . .     Faith    .   T - +8 plate armour of Negation {rN+ Int+3}
rPois    .         Spirit   .   G - +1 helmet {Int+3}
rElec    .         Reflect  +   N - scarf {repulsion}
rCorr    .         Harm     .   M - +0 pair of gloves
MR       ++...                  (no boots)
Stlth    ..........             P - +3 amulet of reflection
Regen    0.0/turn               A - ring of see invisible
MPRegen  0.1/turn               b - ring of protection from magic

@: lethally poisoned (-4 -> -4), non-regenerating, repel missiles
A: damage resistance, heal wounds, fire resistance 1, sense surroundings 2,
shaggy fur 1, no regeneration
a: Heal Wounds, Minor Destruction, Lesser Servant of Makhleb, Major Destruction,
Greater Servant of Makhleb, Renounce Religion


You were on level 6 of the Lair of Beasts.
You worshipped Makhleb.
Makhleb was extremely pleased with you.
You were not hungry.

You visited 3 branches of the dungeon, and saw 18 of its levels.

You collected 1109 gold pieces.

Inventory:

Hand Weapons
 X - a +8 hand axe of venom (weapon)
Armour
 G - a +1 helmet of intelligence (worn)
 L - the +1 robe of Dim Light {rF+ rC+}
   (You found it on level 8 of the Dungeon)

   It protects you from fire.
   It protects you from cold.
 M - a +0 pair of gloves (worn)
 N - a scarf of repulsion (worn)
 T - the +8 plate armour of Negation (worn) {rN+ Int+3}
   (You found it on level 10 of the Dungeon)

   It affects your intelligence (+3).
   It protects you from negative energy.
 Z - a +0 buckler
Jewellery
 b - a ring of protection from magic (right hand)
 j - an uncursed ring of protection from cold
 l - an uncursed amulet of magic regeneration
 n - an uncursed ring of poison resistance
 w - an uncursed ring of protection from fire
 A - a ring of see invisible (left hand)
 J - a +3 ring of evasion
 P - a +3 amulet of reflection (around neck)
 R - an uncursed ring of resist corrosion
Wands
 o - a wand of clouds (0/9)
 q - a wand of digging (11/24)
 r - a wand of acid (0/15)
 t - a wand of random effects (0/48)
 D - a wand of confusion (16/48)
 F - a wand of paralysis (11/24)
 H - a wand of iceblast (0/15)
 I - a wand of polymorph (5/24)
 U - a wand of flame (20/48)
 V - a wand of digging (16/24)
Scrolls
 e - 8 scrolls of remove curse
 g - 2 scrolls of fog
 h - 3 scrolls of amnesia
 k - 7 scrolls of identify
 p - a scroll of fear
 s - a scroll of blinking
 x - 2 scrolls of immolation
 y - 6 scrolls of teleportation
 E - a scroll of silence {unknown}
 S - a scroll of torment {unknown}
 Y - 2 scrolls of magic mapping
Potions
 a - a potion of might
 f - a potion of mutation
 m - a potion of agility
 u - a potion of invisibility
 C - 3 potions of flight
 O - 2 potions of haste
 W - a potion of magic
Books
 c - a book of Battle

   Spells                             Type                      Level
   a - Infusion                       Charms                       1
   b - Shroud of Golubria             Charms/Translocation         2
   c - Song of Slaying                Charms                       2
   d - Spectral Weapon                Hexes/Charms                 3
   e - Regeneration                   Charms/Necromancy            3
 v - a book of Minor Magic

   Spells                             Type                      Level
   a - Magic Dart                     Conjuration                  1
   b - Blink                          Translocation                2
   c - Call Imp                       Summoning                    2
   d - Slow                           Hexes                        2
   e - Conjure Flame                  Conjuration/Fire             3
   f - Mephitic Cloud                 Conjuration/Poison/Air       3
 B - a book of Necromancy

   Spells                             Type                      Level
   a - Pain                           Necromancy                   1
   b - Animate Skeleton               Necromancy                   1
   c - Vampiric Draining              Necromancy                   3
   d - Regeneration                   Charms/Necromancy            3
   e - Animate Dead                   Necromancy                   4
   f - Control Undead                 Necromancy                   4
 K - a book of Party Tricks

   Spells                             Type                      Level
   a - Summon Butterflies             Summoning                    1
   b - Apportation                    Translocation                1
   c - Lesser Beckoning               Translocation                3
   d - Tukima's Dance                 Hexes                        3
   e - Alistair's Intoxication        Transmutation/Poison         5
   f - Invisibility                   Hexes                        6
Comestibles
 d - 10 bread rations
 i - 10 meat rations
 z - 13 royal jellies
 Q - 20 fruits


   Skills:
 - Level 13.1 Fighting
 - Level 16.0 Axes
 - Level 10.1 Armour
 - Level 2.1 Dodging
 - Level 0.2 Shields
 + Level 3.3 Spellcasting
 - Level 2.6 Charms
 - Level 3.4 Evocations


You had 17 spell levels left.
You knew the following spells:

 Your Spells              Type           Power        Failure   Level  Hunger
a - Infusion              Chrm           ###.         88%         1    None


Dungeon Overview and Level Annotations

Branches:
Dungeon (11/15)            Temple (1/1) D:4            Lair (6/6) D:10
  Swamp (0/4) Lair:4       Spider (0/4) Lair:4          Orc (0/2) D:9
  Slime: Lair:5-6

Altars:
Ashenzari
Cheibriados
Dithmenos
Elyvilon
Fedhas
Gozag
Hepliaklqana
Kikubaaqudgha
Makhleb
Nemelex Xobeh
Okawaru
Qazlal
Ru
Sif Muna
Trog
Uskayaw
Vehumet
Xom
Yredelemnul
Zin
The Shining One
Beogh

Annotations:
D:4 Irenicus's ghost, amateur DDSk


Innate Abilities, Weirdness & Mutations

You are resistant to damage.
You can heal yourself by infusing magical energy.
You passively map the area around you.
You do not regenerate.
Your flesh is heat resistant. (rF+)
You are covered in fur. (AC +1)


Message History

You eat one of the 5 chunks of flesh.
This raw flesh tastes terrible.
You are feeling hungry.
Eating one of 4 chunks of flesh.
You eat one of the 4 chunks of flesh.
This raw flesh tastes terrible.
Magic restored.
There is a stone staircase leading down, spattered with blood here.
You climb downwards.
The crocodile bites you!
* * * LOW HITPOINT WARNING * * *
The yak gores you.
* * * LOW HITPOINT WARNING * * *
The spiny frog stings you.
You are poisoned.
The spiny frog poisons you! The yak gores you!
* * * LOW HITPOINT WARNING * * *
The yak gores you but does no damage. The yak gores you.
* * * LOW HITPOINT WARNING * * *
The yak gores you but does no damage. The crocodile bites you!
* * * LOW HITPOINT WARNING * * *
The yak gores you but does no damage. The spiny frog stings you!
You die...

* , , , .⌠.⌠.⌠ , ,
* ,,*.... ,, , ,
##...*## , , * ,
,#...##. ,
##.....##
###...⌠...## ,. ,
#....tYY...##... ≈
* #..⌠.Y@F.⌠...# ,
, *
#....Y..Y.....#* ,
.......⌠.......#,,
≈
,...Y#...........#,
.⌠...........⌠... ,
*
,.......⌠..##.....
,, * .(.##......
..... * , , ,,..
#.....#. ....* * ≈
, , , , #.....#
*.#.# ,


You could see 6 yaks, a spiny frog and a crocodile.

Vanquished Creatures
  Gastronok (D:11)
  Nessos (Lair:4)
  The ghost of vatarom the Geomancer, a journeyman DrAE of Vehumet (Lair:1)
  Snorg (D:11)
  Erolcha (D:11)
  5 hydras
  A two-headed ogre (D:11)
  Nergalle (D:11)
  An unseen horror (D:10)
  The ghost of Ymberti the Thaumaturge, a novice DEFE of Sif Muna (D:7)
  Pikel (D:5)
  A cyclops (D:11)
  4 black mambas
  Maurice (D:8)
  A gargoyle (D:11)
  6 elephants (Lair:5)
  4 spiny frogs
  A rime drake (Lair:4)
  9 komodo dragons
  A troll (D:9)
  3 polar bears
  2 hornets
  Grinder (D:5)
  9 blink frogs
  7 hippogriffs
  A redback (Lair:4)
  A spriggan (Lair:2)
  Sigmund (D:3)
  14 yaks
  Grum (D:11)
  3 basilisks
  A hungry ghost (D:11)
  4 swamp worms (Lair:4)
  A soldier ant (D:8)
  10 water moccasins
  6 porcupines
  6 orc warriors
  A sky beast (D:8)
  2 ogres
  2 black bears
  4 boggarts (Lair:5)
  A phantom (D:6)
  12 wolves
  2 centaurs
  7 crocodiles
  8 bullfrogs
  A gnoll sergeant (D:8)
  2 scorpions
  6 killer bees (D:7)
  3 electric eels
  A howler monkey (D:7)
  6 crimson imps
  A quasit (D:11)
  A bullfrog zombie (D:5)
  Crazy Yiuf (D:3)
  A centaur zombie (D:10)
  6 hounds
  2 bullfrog skeletons
  A gnoll shaman (D:7)
  6 orc priests
  3 jellies
  19 orc wizards
  2 centaur skeletons
  Jessica (D:2)
  3 iguanas
  6 worker ants
  5 hell rats (Lair:1)
  2 hound zombies
  A hound skeleton (D:5)
  Robin (D:3)
  2 worker ant zombies (D:10)
  5 adders
  18 gnolls
  5 river rats (Lair:1)
  3 shadow imps
  An ooze (D:4)
  An adder skeleton (D:7)
  4 worms
  3 dart slugs
  5 leopard geckos
  43 orcs
  5 giant cockroaches
  13 goblins
  10 hobgoblins
  9 jackals
  3 quokkas
  10 bats
  4 frilled lizards
  A giant cockroach zombie (D:5)
  A jackal skeleton (D:5)
  4 kobolds
  A quokka skeleton (D:9)
  10 rats
  2 fungi
  2 plants
399 creatures vanquished.

Vanquished Creatures (others)
  2 slaves (D:5)
  An orc warrior (D:9)
  A ball python (D:5)
  2 fungi (Lair:2)
  A plant (D:10)
7 creatures vanquished.

Grand Total: 406 creatures vanquished

Notes
Turn   | Place    | Note
-------+----------+-------------------------------------------
     0 | D:1      | Irenicus the Deep Dwarf Skald began the quest for the Orb.
     0 | D:1      | Reached XP level 1. HP: 19/19 MP: 3/3
    93 | D:1      | Reached XP level 2. HP: 19/26 MP: 4/4
   226 | D:1      | Reached skill level 3 in Axes
   923 | D:2      | Reached XP level 3. HP: 14/32 MP: 3/5
  1029 | D:2      | Noticed Jessica
  1038 | D:2      | Killed Jessica
  1038 | D:2      | Reached skill level 4 in Axes
  1193 | D:2      | Reached XP level 4. HP: 8/39 MP: 6/6
  1932 | D:3      | Noticed Robin
  1955 | D:3      | Killed Robin
  1955 | D:3      | Reached skill level 5 in Axes
  2324 | D:3      | Noticed Sigmund
  2330 | D:3      | Reached XP level 5. HP: 28/45 MP: 1/7
  2372 | D:3      | Killed Sigmund
  2372 | D:3      | Reached skill level 7 in Axes
  2372 | D:3      | Reached XP level 6. HP: 48/52 MP: 6/8
  2563 | D:3      | Found a runed door.
  2630 | D:3      | Noticed Crazy Yiuf
  2657 | D:3      | Killed Crazy Yiuf
  3170 | D:4      | Reached skill level 8 in Axes
  3226 | D:4      | Noticed Irenicus's ghost (amateur DDSk)
  3376 | D:4      | Reached skill level 1 in Evocations
  3376 | D:4      | Reached XP level 7. HP: 23/60 MP: 9/9
  3377 | D:4      | Found an ancient bone altar of Kikubaaqudgha.
  3431 | D:4      | Found a staircase to the Ecumenical Temple.
  3440 | Temple   | Entered the Ecumenical Temple
  3448 | Temple   | Became a worshipper of Makhleb the Destroyer
  3696 | D:4      | Found a radiant altar of Vehumet.
  3811 | D:5      | Entered Level 5 of the Dungeon
  3864 | D:5      | Reached skill level 9 in Axes
  3877 | D:5      | Found a glowing golden altar of the Shining One.
  3939 | D:5      | Found a snail-covered altar of Cheibriados.
  4212 | D:5      | Noticed Pikel
  4232 | D:5      | Found a basalt altar of Yredelemnul.
  4309 | D:5      | Killed Pikel
  4309 | D:5      | Reached skill level 11 in Axes
  4309 | D:5      | Reached XP level 8. HP: 21/67 MP: 8/8
  4549 | D:5      | Found a blossoming altar of Fedhas.
  4715 | D:5      | Found a white marble altar of Elyvilon.
  4715 | D:5      | Noticed Grinder
  4721 | D:5      | Killed Grinder
  5334 | D:6      | Reached * piety under Makhleb
  5461 | D:6      | Found a bloodstained altar of Trog.
  5573 | D:6      | Reached skill level 12 in Axes
  5913 | D:7      | Noticed a hippogriff
  5925 | D:7      | Killed a hippogriff
  5949 | D:7      | Noticed Ymberti's ghost (novice DEFE)
  5981 | D:7      | Killed Ymberti's ghost
  5981 | D:7      | Reached skill level 13 in Axes
  5981 | D:7      | Gained mutation: You passively map the area around you. [Deep Dwarf growth]
  5981 | D:7      | Reached XP level 9. HP: 43/73 MP: 8/8
  6738 | D:7      | Reached ** piety under Makhleb
  7284 | D:8      | Noticed Maurice
  7311 | D:8      | Reached skill level 14 in Axes
  7348 | D:8      | Killed Maurice
  7359 | D:8      | Got a colourful robe
  7377 | D:8      | Identified the +1 robe of Dim Light {rF+ rC+} (You found it on level 8 of the Dungeon)
  7585 | D:8      | Reached XP level 10. HP: 55/80 MP: 6/8
  7638 | D:8      | Found a sacrificial altar of Ru.
  7638 | D:8      | Found an opulent altar of Gozag.
  7639 | D:8      | Found a radiant altar of Vehumet.
  7802 | D:8      | Paralysed by a hornet for 1 turns
  8128 | D:9      | Reached skill level 5 in Armour
  8250 | D:9      | Reached *** piety under Makhleb
  8395 | D:9      | Found a staircase to the Orcish Mines.
  8399 | D:9      | Found a roughly hewn altar of Beogh.
  8613 | D:9      | Reached skill level 15 in Axes
  8714 | D:10     | Entered Level 10 of the Dungeon
  8809 | D:10     | Killed an unseen horror
  8989 | D:10     | Reached **** piety under Makhleb
  9032 | D:10     | Got an ichor-stained plate armour
  9043 | D:10     | Identified the +8 plate armour of Negation {rN+ Int+3} (You found it on level 10 of the Dungeon)
  9425 | D:10     | Found a staircase to the Lair.
  9609 | D:11     | Noticed Grum
  9622 | D:11     | Reached skill level 16 in Axes
  9622 | D:11     | Reached XP level 11. HP: 48/90 MP: 5/5
  9624 | D:11     | Killed Grum
  9645 | D:11     | Noticed Nergalle
  9647 | D:11     | Noticed a spectral orc warlord
  9668 | D:11     | Noticed a spectral orc warlord
  9676 | D:11     | Killed Nergalle
  9711 | D:11     | Noticed Erolcha
  9732 | D:11     | Reached skill level 5 in Fighting
  9753 | D:11     | Killed Erolcha
  9774 | D:11     | Noticed Gastronok
  9808 | D:11     | Killed Gastronok
  9981 | D:11     | Noticed a two-headed ogre
  9994 | D:11     | Killed a two-headed ogre
 10168 | D:11     | Noticed Snorg
 10231 | D:11     | Killed Snorg
 10382 | Lair:1   | Entered Level 1 of the Lair of Beasts
 10645 | Lair:1   | Noticed vatarom's ghost (journeyman DrAE)
 10660 | Lair:1   | HP: 4/106 [vatarom's ghost/bolt of lightning (27)]
 10759 | Lair:1   | Killed vatarom's ghost
 10759 | Lair:1   | Reached XP level 12. HP: 44/114 MP: 2/2
 11319 | Lair:1   | Reached ***** piety under Makhleb
 11498 | Lair:2   | Reached skill level 10 in Fighting
 12170 | Lair:3   | Noticed a seven-headed hydra
 12185 | Lair:3   | Killed a seven-headed hydra
 12185 | Lair:3   | Reached skill level 10 in Armour
 12762 | Lair:3   | Gained mutation: You are covered in fur. (AC +1) [potion of mutation]
 12762 | Lair:3   | Gained mutation: Your flesh is heat resistant. (rF+) [potion of mutation]
 13239 | Lair:4   | Noticed a five-headed hydra
 13250 | Lair:4   | Killed a seven-headed hydra
 13265 | Lair:4   | Found a hole to the Spider Nest.
 13276 | Lair:4   | Noticed Nessos
 13311 | Lair:4   | Killed Nessos
 13351 | Lair:4   | HP: 3/122 [black mamba (5)]
 13355 | Lair:4   | Reached XP level 13. HP: 33/128 MP: 1/1
 13630 | Lair:4   | Found a staircase to the Swamp.
 14601 | Lair:6   | Entered Level 6 of the Lair of Beasts
 14635 | Lair:6   | HP: 6/133 [crocodile (3)]
 14635 | Lair:6   | Slain by a spiny frog

Skill      XL: |  1  2  3  4  5  6  7  8  9 10 11 12 13 |
---------------+----------------------------------------+-----
Fighting       | 2 3 9 11 13 | 13.1
Axes           | 3 4 5 7 8 11 13 14 16 | 16.0
Evocations     | 1 2 3 |  3.4
Armour         | 3 6 7 10 | 10.1
Spellcasting   | 3 |  3.3
Dodging        | |  2.1
Shields        | |  0.2
Charms         | |  2.6

Action                   |  1- 3 |  4- 6 |  7- 9 | 10-12 | 13-15 || total
-------------------------+-------+-------+-------+-------+-------++-------
Melee: Hand axe          |    85 |   208 |   468 |   908 |   208 ||  1877
       War axe           |       |       |   117 |   282 |       ||   399
Throw: Tomahawk          |       |     2 |       |       |       ||     2
 Cast: Infusion          |     4 |     8 |    13 |     5 |       ||    30
Invok: Minor Destruction |       |       |       |     1 |       ||     1
 Abil: Heal Wounds       |     1 |     8 |    24 |    31 |     3 ||    67
Evoke: Wand              |       |     3 |    36 |    21 |    13 ||    73
  Use: Scroll            |       |     1 |     7 |    12 |     1 ||    21
       Potion            |       |     1 |     4 |    15 |       ||    20
 Stab: Confused          |       |       |     1 |       |     2 ||     3
       Invisible         |       |       |       |     1 |       ||     1
       Paralysed         |       |       |       |     2 |     3 ||     5
  Eat: Chunk             |     1 |     4 |     8 |    22 |     4 ||    39
       Bread ration      |       |     1 |     1 |       |       ||     2
       Fruit             |       |       |       |     3 |       ||     3
Armor: Leather armour    |    19 |    37 |    46 |       |       ||   102
       Scale mail        |       |       |   135 |   102 |       ||   237
       Plate armour      |       |       |       |   523 |   207 ||   730
Dodge: Dodged            |    44 |    82 |   284 |   340 |    73 ||   823
       Deflected         |       |       |     2 |    12 |       ||    14
Block: Other             |       |       |     2 |    97 |    29 ||   128
       Reflection        |       |       |       |     1 |       ||     1
